[Event "*** Titled Tuesday 3|2 Blitz"]
[Site "Chess.com"]
[Date "2016.02.02"]
[Round "9"]
[White "vellottiwizard"]
[Black "ZEN-22"]
[Result "1-0"]
[WhiteElo "2440"]
[BlackElo "2368"]
[TimeControl "180+2"]
[EndTime "18:45:36 PST"]
[Termination "vellottiwizard won by resignation"]

1. d4 g6 2. c4 Bg7 3. e4 d6 4. Nc3 Nd7 5. Nge2 e5 6. Be3 Ngf6 7. f3 O-O 8. Qd2 Re8 9. O-O-O exd4 10. Nxd4 a6 11. g4 Qe7 12. h4 c5 13. Nc2 Ne5 14. Be2 Be6 15. Na3 b5 16. cxb5 axb5 17. Ncxb5 Nc4 18. Nxc4 Rxa2 19. Kb1 Rea8 20. Qxd6 Qb7 21. Qb6 Qxb6 22. Nxb6 Nxe4 23. Bc1 Rb8 24. fxe4 Rxb6 25. Rd8+ Bf8 26. Bh6 1-0

[Event "*** Titled Tuesday 3|2 Blitz"]
[Site "Chess.com"]
[Date "2016.02.02"]
[Round "9"]
[White "Hikaru"]
[Black "SenseiJulio"]
[Result "0-1"]
[WhiteElo "2816"]
[BlackElo "2593"]
[TimeControl "180+2"]
[EndTime "18:46:22 PST"]
[Termination "SenseiJulio won by resignation"]

1. g3 Nf6 2. Bg2 e6 3. Nf3 d5 4. d3 c5 5. O-O Be7 6. Nbd2 Nc6 7.
e4 O-O 8. Re1 b5 9. e5 Nd7 10.
Nf1 a5 11. h4 b4 12. h5 a4 13.
h6 g6 14. a3 bxa3 15. bxa3 Ba6 16. N1h2 Rb8 17. Bf4 Rb2 18. Qc1 Qb6 19. Ng4 Rb8 20.
Bg5 Bf8 21. Bf6 Nd4 22. Nxd4 cxd4 23. Bh8 Kxh8 24. Qf4 Kg8 25. Nh2 Rxc2 26. Nf3 Nc5 27. Rab1 Qxb1 28. Rxb1 Rxb1+ 29. Kh2 Rxf2 30. Ng5 Rxf4 0-1

[Event "*** Titled Tuesday 3|2 Blitz"]
[Site "Chess.com"]
[Date "2016.02.02"]
[Round "9"]
[White "Kanthecarowin"]
[Black "pedromartinez91"]
[Result "1-0"]
[WhiteElo "2166"]
[BlackElo "1988"]
[TimeControl "180+2"]
[EndTime "18:46:38 PST"]
[Termination "Kanthecarowin won by checkmate"]

1. d4 d5 2. c4 e6 3. Nf3 Nf6 4. Bg5 Be7 5. Nc3 O-O 6. cxd5 exd5 7. e3 c6 8. Qc2 Nbd7 9. Bd3 Re8 10. h3 Ne4 11. Bxe7 Qxe7 12. O-O f5 13. Nd2 Ndf6 14. Rae1 Kh8 15. f3 Nd6 16. e4 fxe4 17. fxe4 dxe4 18. Ndxe4 Ndxe4 19. Nxe4 Nxe4 20. Rxe4 Qd8 21. Qe2 Bd7 22. Qh5 g6 23. Qh6 Be6 24. Rh4 Qd7 25. Bxg6 Bg8 26. Rf7 Re7 27. Qg7# 1-0

[Event "*** Titled Tuesday 3|2 Blitz"]
[Site "Chess.com"]
[Date "2016.02.02"]
[Round "9"]
[White "Assasin14"]
[Black "chesstatour"]
[Result "1-0"]
[WhiteElo "2007"]
[BlackElo "1945"]
[TimeControl "180+2"]
[EndTime "18:47:08 PST"]
[Termination "Assasin14 won by resignation"]

1. e4 c6 2. d4 d5 3. Nd2 dxe4 4. Nxe4 Nf6 5. Ng3 h5 6. h4 Bg4 7. f3 Qc7 8. N1e2 Bd7 9. Bf4 Qb6 10. Rb1 g6 11. c4 Bg7 12. Nc3 O-O 13. Be2 Re8 14. O-O e5 15. c5 Qb4 16. Bxe5 Rxe5 17. dxe5 Qxc5+ 18. Kh1 Qxe5 19. Nge4 Bf5 20. Qd8+ Kh7 21. Ng5+ 1-0

[Event "*** Titled Tuesday 3|2 Blitz"]
[Site "Chess.com"]
[Date "2016.02.02"]
[Round "9"]
[White "ruifeng"]
[Black "tac49"]
[Result "1-0"]
[WhiteElo "2334"]
[BlackElo "2448"]
[TimeControl "180+2"]
[EndTime "18:47:48 PST"]
[Termination "ruifeng won on time"]

1. e4 e5 2. Nf3 Nc6 3. Bb5 a6 4. Ba4 Nf6 5. O-O Be7 6. Nc3 d6 7. a3 Bg4 8. h3 Bxf3 9. Qxf3 b5 10. Bb3 Nd4 11. Qd1 Nxb3 12. cxb3 O-O 13. d4 c5 14. dxe5 dxe5 15. Bg5 Qd4 16. Bxf6 Bxf6 17. Qe2 Qd6 18.
Nd5 Rfd8 19. Rfd1 Rac8 20. Rac1 Qe6 21. Rc3 g6 22. Rcd3 h5 23. Qd2 Bg7 24. Ne7+ Kh7 25. Rxd8 Qxe7 26. Rxc8 Qg5 27. Qxg5 c4 28. Rd7 1-0

[Event "*** Titled Tuesday 3|2 Blitz"]
[Site "Chess.com"]
[Date "2016.02.02"]
[Round "9"]
[White "Quiet_Desperation"]
[Black "ItalianMachine"]
[Result "0-1"]
[WhiteElo "2118"]
[BlackElo "2236"]
[TimeControl "180+2"]
[EndTime "18:48:25 PST"]
[Termination "ItalianMachine won by resignation"]

1. e4 e5 2. Nf3 Nc6 3. Bb5 a6 4. Ba4 Nf6 5. d3 b5 6. Bb3 Be7 7. c3 O-O 8. O-O d6 9. h3 Na5 10. Bc2 c5 11. Re1 Qc7 12. Nbd2 Bd7 13. Nf1 Rab8 14.
Ng3 g6 15. Bh6 Rfe8 16. Qd2 b4 17. Nh4 bxc3 18. bxc3 Rb2 19. Nhf5 Rxc2 20. Nxe7+ Rxe7 21. Qxc2 Ne8 22. f4 Nc6 23. f5 f6 24. h4 c4 25. Rad1 cxd3 26. Qxd3 Na5 27. Qd5+ Kh8 28. Bf8 Bc6 29. Qd2 Rd7 30. Qh6 Kg8 31. fxg6 hxg6 32.
h5 Rh7 33. Qxg6+ Kxf8 34. Nf5 Nc4 35. Rd3 Qf7 36. Rg3 Rxh5 37. Qxf7+ Kxf7 38. Rh3 Rxh3 39. gxh3 Nd2 40. Ng3 Nf3+ 0-1

[Event "*** Titled Tuesday 3|2 Blitz"]
[Site "Chess.com"]
[Date "2016.02.02"]
[Round "9"]
[White "dretch"]
[Black "yurisolo"]
[Result "1/2-1/2"]
[WhiteElo "2498"]
[BlackElo "2509"]
[TimeControl "180+2"]
[EndTime "18:48:35 PST"]
[Termination "Game drawn by agreement"]

1. d4 d5 2. c4 e6 3. Nc3 c6 4. e3 Nf6 5. Nf3 Nbd7 6. Bd3 dxc4 7. Bxc4 b5 8. Bd3 Bd6 9. O-O O-O 10. Qc2 Bb7 11. Rd1 a6 12. e4 e5 13. Ne2 Qc7 14.
b3 exd4 15. Nexd4 Ne5 16. Bg5 c5 17. Bxf6 gxf6 18. Rac1 Rac8 19. Nxe5 Bxe5 20. Nf5 Bxh2+ 21. Kh1 Bf4 22. Qc3 Rfe8 23. Qxf6 Qe5 24. Qxe5 Rxe5 25.
Rc2 Bxe4 26. Bxe4 Rxe4 27. g3 Re5 28. Nd6 Rh5+ 29. Kg2 Bxd6 30. Rxd6 c4 31. Rxa6 Rhc5 32. Rc3 b4 33. Rxc4 Rxc4 34. bxc4 Rxc4 35. Ra4 Rc2 36. Kf3 Rb2 37. Ra7 b3 38. axb3 Rxb3+ 39. Kg4 1/2-1/2

[Event "*** Titled Tuesday 3|2 Blitz"]
[Site "Chess.com"]
[Date "2016.02.02"]
[Round "9"]
[White "Malev212"]
[Black "Jahonas"]
[Result "1-0"]
[WhiteElo "2328"]
[BlackElo "2185"]
[TimeControl "180+2"]
[EndTime "18:48:40 PST"]
[Termination "Malev212 won by resignation"]

1. h3 d5 2. g4 c5 3. Bg2 Nc6 4. a3 h5 5. g5 e5 6. d3 Be6 7.
Nc3 g6 8. Rb1 Nge7 9. b4 cxb4 10.
axb4 d4 11. Ne4 Nd5 12. b5 Ncb4 13. Nf3 Bf5 14. Bd2 Bxe4 15. dxe4 Nc3 16. Bxc3 dxc3 17. Nxe5 Qxd1+ 18. Kxd1 O-O-O+ 19. Nd3 h4 20. Rb3 Nxd3 21.
exd3 Bg7 22. f4 Bd4 23. e5 Kc7 24. Ke2 Kb6 25. Ra1 Rc8 26. Ra4 Rhd8 27. Be4 Rc5 28. Rbb4 Bg1 29. d4 Rxb5 30. d5 a5 31. Rxb5+ Kxb5 32. Ra1 Bc5 33. d6 b6 34. Kd3 Bb4 35. Bd5 Kc5 36.
Bxf7 Rf8 37. d7 Kc6 38. e6 Kd6 39. f5 gxf5 40. g6 1-0

[Event "*** Titled Tuesday 3|2 Blitz"]
[Site "Chess.com"]
[Date "2016.02.02"]
[Round "9"]
[White "GM_Huschenbeth"]
[Black "Dlugy"]
[Result "1-0"]
[WhiteElo "2383"]
[BlackElo "2557"]
[TimeControl "180+2"]
[EndTime "18:49:13 PST"]
[Termination "GM_Huschenbeth won by resignation"]

1. e4 d5 2. exd5 Qxd5 3. Nc3 Qd6 4. d4 c6 5. Nf3 Bg4 6. h3 Bxf3 7. Qxf3 Qxd4 8. Bd2 Nf6 9. O-O-O Qd8 10. g4 e6 11. g5 Nd5 12. Ne4 Nd7 13. c4 Nb4 14. Kb1 Be7 15. Bc3 Qa5 16. a3 Qf5 17. Qe3 Bxg5 18.
Qd4 Nc5 19. Bd3 Rd8 20. Nxc5 Rxd4 21. Bxf5 Rxc4 22. axb4 b6 23. Bd3 Rh4 24. Ne4 Be7 25. Bxg7 Rg8 26. Nf6+ Bxf6 27. Bxf6 Rxb4 28. Bxh7 1-0

[Event "*** Titled Tuesday 3|2 Blitz"]
[Site "Chess.com"]
[Date "2016.02.02"]
[Round "9"]
[White "attack2mateU"]
[Black "Gabrielian_Artur"]
[Result "1-0"]
[WhiteElo "2498"]
[BlackElo "2458"]
[TimeControl "180+2"]
[EndTime "18:49:16 PST"]
[Termination "attack2mateU won by resignation"]

1. e4 c5 2. Nf3 d6 3. d4 cxd4 4. Nxd4 Nf6 5. Nc3 a6 6. Be3 e6 7. f3 b5 8. Qd2 Nbd7 9. g4 h6 10. O-O-O b4 11. Nce2 Qc7 12. h4 d5 13. Bf4 e5 14.
Bh2 dxe4 15. g5 hxg5 16. hxg5 exf3 17. gxf6 fxe2 18. Qxe2 Rxh2 19. Rxh2 gxf6 20. Rh8 Nc5 21. Bg2 Bb7 22. Nf5 b3 23. axb3 Qa5 24. Kb1 Rd8 25. Nd6+ Ke7 26. Nxb7 Rxd1+ 27. Qxd1 Nxb7 28. Bxb7 Qb6 29. Bc8 1-0

[Event "*** Titled Tuesday 3|2 Blitz"]
[Site "Chess.com"]
[Date "2016.02.02"]
[Round "9"]
[White "brauliocuarta"]
[Black "davidarenas1224"]
[Result "0-1"]
[WhiteElo "1965"]
[BlackElo "2094"]
[TimeControl "180+2"]
[EndTime "18:49:34 PST"]
[Termination "davidarenas1224 won by resignation"]

1. d4 g6 2. c4 Bg7 3. e4 d6 4. f4 Nf6 5. Nc3 O-O 6. Nf3 Na6 7. Be2 e5 8. fxe5 dxe5 9. d5 Qd6 10. O-O Bd7 11. h3 Nc5 12. Bd3 a5 13. Be3 c6 14.
Qd2 cxd5 15. cxd5 b5 16. Rac1 Rfc8 17. Kh2 Rab8 18. Bxc5 Rxc5 19. Qe3 Rbc8 20. Ne2 Nxd5 21. exd5 e4+ 22. Kh1 exd3 23. Qxd3 Rxd5 24. Rxc8+ Bxc8 25. Qe4 Be6 26. Nf4 Rd1 27. Nxe6 Rxf1+ 28. Ng1 Qxe6 29.
Qa8+ Bf8 30. Qxa5 Qe3 0-1

[Event "*** Titled Tuesday 3|2 Blitz"]
[Site "Chess.com"]
[Date "2016.02.02"]
[Round "9"]
[White "Zazuliak"]
[Black "Silent_Terror"]
[Result "0-1"]
[WhiteElo "2323"]
[BlackElo "2483"]
[TimeControl "180+2"]
[EndTime "18:49:35 PST"]
[Termination "Silent_Terror won by resignation"]

1. d4 e6 2. c4 Bb4+ 3. Nc3 c5 4.
Nf3 Bxc3+ 5. bxc3 d6 6. e4 b6 7. Bd3 Nc6 8. O-O Na5 9. Qe2 Ba6 10. e5 Ne7 11. Bf4 d5 12. cxd5 Bxd3 13. Qxd3 c4 14.
Qc2 Nxd5 15. Bg5 Qd7 16. Nd2 h6 17. Be3 f5 18. exf6 gxf6 19. Qg6+ Qf7 20. Qxf7+ Kxf7 21. Rac1 Rac8 22. Ne4 Ke7 23. Rfe1 f5 24. Nd2 f4 25.
Nf3 fxe3 26. fxe3 b5 27. e4 Nf6 28. Ne5 Rhg8 29. Rc2 Nd7 30. Nf3 Rcf8 31. Kf2 e5 32. a4 a6 33. axb5 axb5 34. Ra1 Nb3 35. Ra6 exd4 36. cxd4 Nxd4 37. Rd2 Nxf3 38. gxf3 c3 39.
Rd3 c2 40. Rc3 Rc8 41. Rac6 Rxc6 42. Rxc6 b4 43. Rxc2 Rb8 44. Rb2 Nc5 45. Ke3 b3 46. Kd4 Na4 47. Rb1 b2 48. f4 Rc8 0-1

[Event "*** Titled Tuesday 3|2 Blitz"]
[Site "Chess.com"]
[Date "2016.02.02"]
[Round "9"]
[White "spirals5"]
[Black "ethylalcohol"]
[Result "1-0"]
[WhiteElo "2192"]
[BlackElo "1710"]
[TimeControl "180+2"]
[EndTime "18:49:38 PST"]
[Termination "spirals5 won on time"]

1. e4 e5 2. Nf3 Nc6 3. Bb5 Nf6 4. d3 d6 5. h3 Be7 6. O-O O-O 7. c3 Nb8 8. Re1 c6 9. Ba4 Nbd7 10. d4 Re8 11.
Nbd2 Qc7 12. Bb3 h6 13. a4 Nf8 14. dxe5 dxe5 15. Nc4 Ng6 16. Bc2 Be6 17. Ne3 Rad8 18.
Qe2 Nf4 19. Qf1 g6 20. h4 Bc8 21. Nc4 Bd6 22. Nxd6 Rxd6 23. Bxf4 exf4 24. e5 Rdd8 25. exf6 Bg4 26. Nd4 Qb6 27. b4 c5 28. bxc5 Qxc5 29. Rxe8+ Rxe8 30. Qb5 Qc8 31. a5 a6 32. Qb4 Qd8 33. Qxb7 Qxf6 34. Qc6 Qd8 35. Bxg6 Bd7 36. Qd5 1-0

[Event "*** Titled Tuesday 3|2 Blitz"]
[Site "Chess.com"]
[Date "2016.02.02"]
[Round "9"]
[White "kharposh"]
[Black "chessking2151"]
[Result "0-1"]
[WhiteElo "2055"]
[BlackElo "2241"]
[TimeControl "180+2"]
[EndTime "18:50:32 PST"]
[Termination "chessking2151 won by resignation"]

1. e4 e5 2. Nf3 Nc6 3. Bb5 f5 4. d4 fxe4 5. Nxe5 Nxe5 6. dxe5 c6 7. Bc4 Qa5+ 8. Bd2 Qxe5 9. Bc3 Qe7 10. Qh5+ Kd8 11. Bxg8 Rxg8 12. Qxh7 Qe6 13. O-O d5 14.
Nd2 Be7 15. Rad1 Bd7 16. Rfe1 Kc7 17. Nf3 Bd6 18. Ng5 Qe7 19. Qg6 Raf8 20. Nxe4 Bf4 21. Ng3 Qd6 22. Qxd6+ Kxd6 23. Nh5 Bh6 24. Be5+ Kc5 25.
f4 Bg4 26. b4+ Kb6 27. Bd4+ Kc7 28. Be5+ Kc8 29. Ng3 Bxd1 30. Rxd1 Bxf4 31. Bxf4 Rxf4 32. c3 Re8 33. Rd2 Rc4 34. Rc2 Re1+ 35. Kf2 Re7 36.
h3 Rf4+ 37. Kg1 g5 38. Kh2 Kd7 39. Nh5 Rf8 40. Ng3 Rh7 41. Ne2 g4 42. Nd4 gxh3 43. gxh3 Rfh8 44. Kg2 Rxh3 45. Nf3 R3h7 46. Re2 Rg7+ 47. Kf2 Rf8 48. Ke3 Re7+ 49. Kf2 Rxe2+ 50. Kxe2 Kd6 51. Ke3 Re8+ 52. Kd3 b6 53. Nd4 Rh8 54. Kc2 Rh2+ 55. Kb3 Rh3 56. a4 a6 57. a5 bxa5 58.
bxa5 c5 59. Nf5+ Ke5 60. Ne7 d4 61. Nc6+ Kd6 62. Nb8 Rxc3+ 63. Ka4 Rc4+ 64. Ka3 Rc1 65. Nxa6 Ra1+ 66. Kb3 Rxa5 67. Nxc5 Kxc5 0-1

[Event "*** Titled Tuesday 3|2 Blitz"]
[Site "Chess.com"]
[Date "2016.02.02"]
[Round "9"]
[White "Po6Don"]
[Black "DanielRensch"]
[Result "0-1"]
[WhiteElo "2125"]
[BlackElo "2345"]
[TimeControl "180+2"]
[EndTime "18:50:38 PST"]
[Termination "DanielRensch won on time"]

1. e4 c5 2. c3 d6 3. d4 Nf6 4. Bd3 g6 5. h3 Bg7 6. Nf3 O-O 7.
O-O cxd4 8. cxd4 Nc6 9. Nc3 e5 10. d5 Nb4 11. Be3 Nxd3 12. Qxd3 Bd7 13. Rfc1 Ne8 14.
Nd2 f5 15. f3 f4 16. Bf2 g5 17. a4 h5 18. a5 g4 19. hxg4 hxg4 20. Kf1 a6 21. Ke2 Rc8 22. Rh1 g3 23. Bb6 Qg5 24.
b4 Nc7 25. Nc4 Nb5 26. Na4 Nd4+ 27. Bxd4 Rxc4 28. Qxc4 Bb5 29. Qxb5 axb5 30. Bb6 bxa4 31. Rhc1 Qh5 32. b5 Qh2 33. Rg1 Rc8 34. Kd3 Qh5 35. a6 Qe8 36. Rgb1 bxa6 37. bxa6 Ra8 38. a7 Bf6 39.
Rb4 Bd8 40. Bg1 Ba5 41. Rbb1 Qc8 42. Rxa4 Qa6+ 43. Rc4 Rc8 0-1

[Event "*** Titled Tuesday 3|2 Blitz"]
[Site "Chess.com"]
[Date "2016.02.02"]
[Round "9"]
[White "Noukii"]
[Black "gmcorrales"]
[Result "0-1"]
[WhiteElo "2693"]
[BlackElo "2508"]
[TimeControl "180+2"]
[EndTime "18:50:47 PST"]
[Termination "gmcorrales won by resignation"]

1. d4 d5 2. c4 c6 3. Nc3 Nf6 4. Nf3 e6 5. Bg5 h6 6. Bh4 Nbd7 7. e3 Be7 8. Bd3 O-O 9. O-O dxc4 10. Bxc4 b5 11. Bd3 Bb7 12. Rc1 a6 13. Bxf6 Nxf6 14. Ne4 Rc8 15. Ne5 c5 16. Qf3 Bxe4 17. Bxe4 cxd4 18. Rxc8 Qxc8 19. Nc6 Qd7 20. Nxd4 Nxe4 21. Qxe4 Bf6 22. Rd1 Rd8 23. Rd2 Qd5 24. Qb1 Qc4 25.
b3 Qb4 26. Qd1 Bxd4 27. exd4 Qc3 28. g3 Rd5 29. Rd3 Qa5 30. Kf1 Qxa2 31. Rc3 g6 32.
g4 Kg7 33. Rc7 Qa5 34. Rb7 Qc3 35. Qe2 Qc1+ 36. Kg2 Qc6 37. Ra7 Rxd4+ 38. Kg3 Qd6+ 39. Kg2 Qd5+ 40. Kg3 h5 41. h3 Rd3+ 42. f3 Qd6+ 43. Kh4 Rd5 44. Qb2+ e5 45. Qc1 Rd2 46. Rxa6 Qd8+ 47.
g5 Qd4+ 0-1

[Event "*** Titled Tuesday 3|2 Blitz"]
[Site "Chess.com"]
[Date "2016.02.02"]
[Round "9"]
[White "TheMagician"]
[Black "GianmarcoVaR"]
[Result "1-0"]
[WhiteElo "2151"]
[BlackElo "2247"]
[TimeControl "180+2"]
[EndTime "18:51:00 PST"]
[Termination "TheMagician won by resignation"]

1. e4 g6 2. d4 Bg7 3. Nf3 d6 4. Be2 Nf6 5. Nc3 O-O 6. O-O Nc6 7.
h3 e5 8. dxe5 dxe5 9. Qxd8 Rxd8 10. Bg5 Be6 11. Rad1 Re8 12. Bxf6 Bxf6 13. Nd5 Bd8 14.
c3 f6 15. a3 Kf7 16. Rd2 Ne7 17. Ne3 c6 18. Nc4 Bc7 19. Rfd1 Red8 20. Rxd8 Rxd8 21.
Rxd8 Bxd8 22. Nd6+ Kf8 23. Nxb7 Bc7 24. Nc5 Bc8 25. Nd2 f5 26. Bd3 Kg7 27. b4 Kf6 28. f3 h5 29. Kf1 h4 30. Ke2 g5 31. exf5 Nd5 32. Nce4+ Kxf5 33. Nd6+ Ke6 34. Nxc8 Nf4+ 35.
Kf1 Nxd3 36. Nxa7 Kd5 37. c4+ Kd4 38. Nxc6+ Kc3 39. Ne4+ Kxc4 40. Nxg5 Kb3 41. Ne6 Bd6 42. b5 Ka4 43. b6 Kb5 44. Nb4 Nxb4 45. axb4 Kxb6 46.
Nc5 Bxc5 47. bxc5+ Kxc5 48. Kf2 Kd4 49. g3 hxg3+ 50.
Kxg3 e4 51. fxe4 Kxe4 52. Kg4 Ke5 53. Kg5 Ke6 54. Kg6 Ke7 55. Kg7 Ke6 56. h4 Kf5 57. h5 Kg5 58. h6 1-0

[Event "*** Titled Tuesday 3|2 Blitz"]
[Site "Chess.com"]
[Date "2016.02.02"]
[Round "9"]
[White "GMHess"]
[Black "AndreyOstrovskiy"]
[Result "1-0"]
[WhiteElo "2492"]
[BlackElo "2456"]
[TimeControl "180+2"]
[EndTime "18:51:28 PST"]
[Termination "GMHess won by resignation"]

1. b3 d5 2. Bb2 Nf6 3. Nf3 c5 4. e3 Nc6 5. Bb5 Bd7 6. O-O a6 7.
Bxc6 Bxc6 8. Ne5 Rc8 9. c4 e6 10. Nxc6 Rxc6 11. Bxf6 Qxf6 12. cxd5 exd5 13. Nc3 Qe6 14. d4 Be7 15. e4 Qf6 16. exd5 Rc8 17. Ne4 Qxd4 18. d6 Bf6 19. Nxf6+ gxf6 20. Qh5 O-O 21. Rad1 Qe5 22. Qh3 Rcd8 23. d7 Qe6 24.
Qd3 Kh8 25. Rfe1 Qc6 26. Re7 b5 27. Qd6 Qxd6 28. Rxd6 c4 29. Rxa6 c3 30. b4 Kg7 31.
Rc6 Ra8 32. g3 Rfd8 33. Rxc3 Kf8 34. Rce3 f5 35. Kg2 Kg7 36. Re8 Kf6 37. Kf3 Rab8 38. Kf4 Ra8 39. R3e5 Kg6 40. h4 h5 41. a3 Rab8 42. Rxb5 Rxe8 43. dxe8=Q Rxe8 44. Rxf5 f6 45. Ra5 Re2 46. f3 Ra2 47. b5 Rb2 48. g4 Rb3 49.
gxh5+ Kxh5 50. a4 Kxh4 51. Ra8 Kh3 52. Ke4 Kg2 53. f4 Kg3 54. Kf5 Rb4 55. Kxf6 Kxf4 56. Ke6 Ke4 57. Kd6 Kd4 58. Kc6 Kc4 59. b6 1-0

[Event "*** Titled Tuesday 3|2 Blitz"]
[Site "Chess.com"]
[Date "2016.02.02"]
[Round "9"]
[White "Anton_Demchenko"]
[Black "Dr-Bassem"]
[Result "0-1"]
[WhiteElo "2598"]
[BlackElo "2502"]
[TimeControl "180+2"]
[EndTime "18:52:31 PST"]
[Termination "Dr-Bassem won by resignation"]

1. e4 e5 2. Nf3 Nc6 3. Bc4 Bc5 4. c3 Nf6 5. d3 d6 6. Bg5 h6 7. Bh4 g5 8. Bg3 Bg4 9. Nbd2 Qd7 10. b4 Bb6 11.
O-O Nh5 12. Kh1 Nf4 13. a4 a5 14. b5 Ne7 15. Bxf4 gxf4 16. Qb3 Rh7 17. d4 Ng6 18. Be2 Be6 19. Nc4 Rg7 20. Rad1 Qe7 21. Qa3 Bxc4 22. Bxc4 Nh4 23. Nxh4 Qxh4 24. Be2 O-O-O 25. Bf3 Qf6 26. Qb2 Qe6 27. Qe2 Rgg8 28. Rd2 f6 29. Rb1 Kb8 30.
h3 Rde8 31. Qd1 f5 32. dxe5 Qxe5 33. exf5 Qxf5 34. Qb3 Rg5 35. Rbd1 Qg6 36. Qc4 Qf6 37. Re2 Rxe2 38. Qxe2 Re5 39. Qd2 Ka7 40. Kh2 h5 41.
Re1 h4 42. Rxe5 Qxe5 43. Qc2 Qe1 44. Qe4 Qxe4 45. Bxe4 Bxf2 46. Bd5 Kb6 47. Be4 c6 48.
bxc6 bxc6 49. Kh1 d5 50. Bd3 Kc5 51. Be2 Be1 52. Kg1 Bxc3 53. Kf2 Kd4 54. Kf3 Be1 55. Ba6 c5 56. Ke2 Bg3 57. Bb7 c4 58. Kd2 Bf2 59.
Bc8 Be3+ 60. Kc2 Kc5 61. Bf5 d4 62. Be4 Kb4 63. Bc6 d3+ 64. Kd1 c3 65. Ke1 c2 0-1

[Event "*** Titled Tuesday 3|2 Blitz"]
[Site "Chess.com"]
[Date "2016.02.02"]
[Round "9"]
[White "Recombinant"]
[Black "Thomaslegend"]
[Result "0-1"]
[WhiteElo "2204"]
[BlackElo "2117"]
[TimeControl "180+2"]
[EndTime "18:53:20 PST"]
[Termination "Thomaslegend won by checkmate"]

1. d4 Nf6 2. c4 g6 3. Nc3 d5 4. cxd5 Nxd5 5. e4 Nxc3 6. bxc3 Bg7 7. Bc4 c5 8. Ne2 Nc6 9. Be3 O-O 10. O-O Bg4 11.
f3 Bd7 12. Rb1 Qc7 13. dxc5 Na5 14. Bb5 Bxb5 15. Rxb5 a6 16. Rb1 Nc4 17. Bf4 e5 18. Qd5 Na5 19. Bg5 h6 20. Bh4 g5 21. c6 bxc6 22.
Qc5 gxh4 23. Qf2 Qe7 24. Qb6 Nc4 25. Qxc6 Nd2 26. Rb7 Qe8 27. Qxe8 Rfxe8 28. Rd1 Red8 29. Rc1 Nc4 30. g3 Rd2 31. Kf1 Rxa2 32. gxh4 Rd8 33.
Rc7 Ne3+ 34. Kf2 Rdd2 35. Kxe3 Rxe2+ 36. Kd3 Rad2+ 37. Kc4 Rc2 38. Rd1 Red2 39. Rb1 Rb2 40. Ra1 Rb6 41. Kc5 Rdd6 42. Rg1 Rg6 43. Rd1 Bf8+ 44.
Kc4 Rgc6+ 45. Rxc6 Rxc6+ 46. Kb3 Rd6 47. Rg1+ Kh7 48.
h5 Rc6 49. Ra1 Bc5 50. Ra5 Be3 51. Rxe5 Bf4 52. Re7 Kg7 53. h3 Kf6 54. Ra7 Bc7 55.
c4 Kg5 56. Kc3 Be5+ 57. Kd3 f6 58. Rg7+ Kxh5 59. Ke3 Bd6 60. f4 Rxc4 61. f5 Be5 62. Rg6 Rc3+ 63. Ke2 Rxh3 64. Rg7 Rh4 65. Ke3 Rh3+ 66.
Ke2 Ra3 67. Rg1 a5 68. Rh1+ Kg5 69. Rf1 a4 70. Kd2 Rg3 71. Kc2 h5 72. Kd2 h4 73. Ke2 a3 74. Kf2 a2 75. Rh1 a1=Q 76. Rd1 Qb2+ 77. Kf1 Qg2+ 78. Ke1 Re3# 0-1

[Event "*** Titled Tuesday 3|2 Blitz"]
[Site "Chess.com"]
[Date "2016.02.02"]
[Round "9"]
[White "DeviatkinAndrey"]
[Black "JusticeBot"]
[Result "0-1"]
[WhiteElo "2450"]
[BlackElo "2448"]
[TimeControl "180+2"]
[EndTime "18:53:44 PST"]
[Termination "JusticeBot won on time"]

1. b3 e5 2. Bb2 Nc6 3. g3 Nf6 4.
Bg2 d5 5. d3 Be6 6. e3 Qd7 7. Nd2 O-O-O 8. a3 Kb8 9. b4 h5 10.
b5 Ne7 11. Bxe5 Qxb5 12. Ngf3 Nc6 13. Bxf6 gxf6 14. h4 Qa5 15. O-O Ne5 16. Nb3 Qc3 17. Qd2 Qxd2 18. Nbxd2 c6 19. Rfb1 Kc7 20. a4 a5 21. Nb3 Bb4 22. Nbd4 Bd7 23. Ne2 Bg4 24.
Ned4 Rhg8 25. Kf1 Ra8 26. Nh2 Bd7 27. Ne2 Ra6 28. c3 Be7 29. d4 Nc4 30. Ke1 Bf5 31. Rc1 Ba3 32. Rd1 Bc2 33. Bf3 Bxd1 34. Kxd1 Rb6 35.
Bxh5 Rf8 36. Bg4 Rb2 37. Nf1 Bd6 38. Bf5 b5 39. Bd3 b4 40. Bxc4 dxc4 41. Nd2 bxc3 42. Nxc4 Rb4 43. Nxd6 Kxd6 44. Nxc3 f5 45. Ke2 Rfb8 46.
Kf3 Rc4 47. Ra3 Rb2 48. h5 Ke6 49. Ne2 Rcc2 50. Nf4+ Kf6 51. Nd3 Ra2 52. Rb3 Rxa4 53. Rb6 Ra3 54. Nc5 Kg5 55. Rxc6 Kxh5 56. Rf6 Kg5 57.
Rxf7 Raa2 58. Nd3 Rd2 59. Rg7+ Kf6 60. Ra7 Rxd3 61. g4 fxg4+ 62. Kxg4 a4 63. Kf3 Rdd2 64.
Ke4 Rxf2 65. d5 Rfd2 66. Ra6+ Ke7 67. Ke5 Kd8 68. d6 Kc8 69. Ke6 Kb7 70. Ra5 Kb6 71. Ra8 Kb7 72. Ra5 Kb6 73. Ra8 Re2 74. d7 Rxe3+ 75. Kf5 Rf2+ 76. Kg4 Rd2 77. d8=Q+ Rxd8 78. Rxd8 a3 79. Kf4 Re7 80. Rd1 Kb5 0-1

[Event "*** Titled Tuesday 3|2 Blitz"]
[Site "Chess.com"]
[Date "2016.02.02"]
[Round "9"]
[White "Zkid"]
[Black "pKiLz5Rn9b"]
[Result "1-0"]
[WhiteElo "2517"]
[BlackElo "2371"]
[TimeControl "180+2"]
[EndTime "18:53:49 PST"]
[Termination "Zkid won by resignation"]

1. e4 e6 2. d4 d5 3. Nd2 Nf6 4.
e5 Nfd7 5. Bd3 c5 6. c3 Nc6 7. Ne2 cxd4 8. cxd4 f6 9. exf6 Nxf6 10. O-O Bd6 11. Nf3 Qc7 12. Bg5 O-O 13. Bh4 Nh5 14. Qc2 h6 15. Bg6 Rxf3 16. Bxh5 Bxh2+ 17. Kh1 Rf5 18. Bg6 Bd6 19. Bxf5 exf5 20. f4 Be6 21. Qd2 Qf7 22. Ng1 Qh5 23. Nf3 Qg4 24.
Rae1 Bf7 25. g3 Rf8 26. Qg2 Bh5 27. Nh2 Qg6 28. Qxd5+ Kh7 29. Re6 Qf7 30. Rxd6 Qe8 31. Re6 Qc8 32. Rfe1 Bf7 33. Qxf5+ Kg8 34. d5 Nd4 35.
Qe4 Nxe6 36. dxe6 Be8 37. Kg1 Qc5+ 38. Qe3 Qf5 39. Qe4 Qc5+ 40. Qe3 Qf5 41. g4 Qd5 42. f5 Bc6 43. Qg3 Qd4+ 44. Qf2 Qd5 45. Kf1 Bb5+ 46. Kg1 Bc6 47. Nf3 Qxf3 48. Qxf3 Bxf3 49.
g5 hxg5 50. e7 Re8 51. Bxg5 Kf7 52. Kf2 Bg4 53. Re5 Bd1 54. b3 Bc2 55. Ke3 Bb1 56. Kd2 Rc8 57. Rd5 Re8 58. a4 Be4 59. Re5 Bc6 60. Kc3 Rh8 61. Kb4 Rc8 62. Be3 b6 63. Ka3 Bd7 64. a5 Rb8 65. a6 Rc8 66. Kb2 Re8 67.
Bg5 Bc8 68. Re1 Bxa6 69. Ra1 Bc8 70. Rxa7 Bxf5 71. Rb7 Be6 72. Rxb6 Bd7 73. Rd6 Bf5 74. Rd8 Bg6 75. b4 Bf5 76. b5 Bc8 77. b6 Bb7 78.
Kc3 Bc6 79. Kb4 Bb7 80. Kc5 Be4 81. Kd6 Bf3 82. Rxe8 Kxe8 83. Kc7 1-0